 Dungeon Crawl Stone Soup version 0.30-b1-2-g02819fbbbe (webtiles) character file.

Game seed: 16633043220516042598

12796 Arcadio the Fighter (level 11, -8/107 HPs)
             Began as a Minotaur Fighter on May 13, 2023.
             Was a Follower of Uskayaw.
             Killed from afar by Fannar (40 damage)
             ... with a bolt of cold
             ... on level 10 of the Dungeon.
             The game lasted 00:15:54 (9435 turns).

Arcadio the Fighter (Minotaur Fighter)              Turns: 9435, Time: 00:15:55

Health: -8/107     AC: 18    Str: 32    XL:     11   Next: 67%
Magic:  10/10      EV: 23    Int:  2    God:    Uskayaw [*.....]
Gold:   487        SH:  5    Dex: 16    Spells: 10/10 levels left

rFire   . . .        C - +8 war axe of Poafaoc {elec, Fragile rC- Str+8}
rCold   . . .        c - +0 buckler
rNeg    . . .        w - +1 plate armour {rC+}
rPois   .            (helmet restricted)
rElec   .            (no cloak)
rCorr   .            (no gloves)
SInv    .            y - +0 pair of boots
Will    +....        x - amulet of the acrobat Stlth
                     E - ring "Wyacol" {Fly Int-3 Dex+5}
HPRegen 0.37/turn    J - ring of willpower
MPRegen 0.12/turn

%: acrobat
@: acrobatic, flying
A: horns 2, retaliatory headbutt
a: Renounce Religion, Stomp


You were on level 10 of the Dungeon.
You worshipped Uskayaw.
Uskayaw was noncommittal.
You visited 2 branches of the dungeon, and saw 12 of its levels.

You collected 577 gold pieces.
You spent 90 gold pieces at shops.

Inventory:

Hand Weapons
 a - a +0 war axe
 l - a +2 hand axe of flaming
 s - a +2 whip of draining
 A - a +1 heavy morningstar
 C - the +8 war axe of Poafaoc (weapon) {elec, Fragile rC- Str+8}
   (You found it on level 7 of the Dungeon)

   Str:       It affects your strength (+8).
   rC:        It makes you vulnerable to cold.
   Fragile:   It will be destroyed if unequipped.
 K - the +6 mace of World Downfall {heavy, *Slow rF+ Int+2}
   (You found it on level 9 of the Dungeon)

   Int:       It affects your intelligence (+2).
   rF:        It protects you from fire.
   *Slow:     It may slow you when you take damage.
Armour
 b - a +0 scale mail
 c - a +0 buckler (worn)
 w - a +1 plate armour of cold resistance (worn)
 y - a +0 pair of boots (worn)
Jewellery
 v - a ring of wizardry
 x - an amulet of the acrobat (around neck)
 E - the ring "Wyacol" (left hand) {Fly Int-3 Dex+5}
   (You took it off a wight on level 7 of the Dungeon)

   [ring of flight]

   Int:       It affects your intelligence (-3).
   Dex:       It affects your dexterity (+5).
   Fly:       It grants you flight.
 I - an amulet of guardian spirit
 J - a ring of willpower (right hand)
Wands
 k - a wand of mindburst (3)
 u - a wand of charming (5)
 F - a wand of iceblast (10)
 N - a wand of flame (22)
Scrolls
 g - a scroll of enchant weapon
 h - 4 scrolls of immolation
 j - a scroll of fear {unknown}
 r - 4 scrolls of identify
 t - 2 scrolls of enchant armour
 z - 2 scrolls of magic mapping {unknown}
 B - a scroll of teleportation
 H - a scroll of fog {unknown}
 M - 2 scrolls of vulnerability {unknown}
 P - a scroll of amnesia {unknown}
Potions
 d - 4 potions of might
 f - a potion of degeneration
 i - a potion of attraction {unknown}
 m - 2 potions of mutation
 n - 2 potions of flight
 o - a potion of berserk rage {unknown}
 p - 2 potions of magic {unknown}
 q - 2 potions of lignification
 G - a potion of brilliance {unknown}
 L - a potion of invisibility {unknown}
 O - 5 potions of ambrosia
Miscellaneous
 D - a lightning rod (3/4)


   Skills:
 + Level 13.4 Fighting
 + Level 13.2 Axes
 + Level 13.4 Armour
 - Level 3.6 Shields


You had 10 spell levels left.
You didn't know any spells.
Your spell library contained the following spells:

 Spells                   Type           Power      Damage    Failure   Level
 Sandblast                Erth           0%         2d4       99%         1
 Ensorcelled Hibernation  Hex/Ice        0%         N/A       99%         2
 Passwall                 Tmut/Erth      0%         N/A       99%         2
 Dazzling Flash           Conj/Hex       0%         N/A       100%        3
 Inner Flame              Hex/Fire       0%         N/A       100%        3
 Spider Form              Tmut/Pois      0%         N/A       100%        3
 Stone Arrow              Conj/Erth      0%         3d7       100%        3
 Anguish                  Hex/Necr       0%         N/A       100%        4
 Flame Wave               Conj/Fire      0%         2d4       100%        4
 Passage of Golubria      Tloc           0%         N/A       100%        4
 Sticky Flame             Conj/Fire      0%         2d3       100%        4
 Agony                    Necr           0%         N/A       100%        5
 Silence                  Hex/Air        0%         N/A       100%        5
 Lehudib's Crystal Spear  Conj/Erth      0%         10d2      100%        8


Dungeon Overview and Level Annotations

Branches:
Dungeon (11/15) Zot: 26558  Temple (1/1) D:6 Zot: 5913    Lair (0/5) D:9
    Orc: D:9-12

Altars:
Ashenzari
Cheibriados
Dithmenos
Elyvilon
Fedhas
Gozag
Hepliaklqana
Kikubaaqudgha
Makhleb
Nemelex Xobeh
Okawaru
Qazlal
Ru
Sif Muna
Trog
Uskayaw
Vehumet
Wu Jian
Xom
Yredelemnul
Zin
The Shining One

Shops:
D:1 !

Annotations:
D:8 2 transporters, Raspi's ghost, novice DsAr
D:10 Fannar


Innate Abilities, Weirdness & Mutations

You have a pair of horns on your head.
You reflexively headbutt those who attack you in melee.


Message History

You feel better. The vampire mosquito bites you.
* * * LOW HITPOINT WARNING * * *
The vampire mosquito draws strength from your injuries!
You block Fannar's attack.
You block the vampire mosquito's attack.
Okay, then.
As you read the scroll of teleportation, it crumbles to dust.
You feel strangely unstable.
You block the vampire mosquito's attack.
Fannar gestures at you while chanting. The bolt of cold hits you!
* * * LOW HITPOINT WARNING * * *
The vampire mosquito bites you but does no damage.
Uskayaw links your audience in an emotional bond!
You feel better.
The vampire mosquito bites you but does no damage.
Fannar hits you but does no damage. Fannar freezes you.
* * * LOW HITPOINT WARNING * * *
The vampire mosquito bites you but does no damage.
You feel better.
Your surroundings suddenly seem different.
You start resting.
A vampire mosquito is nearby!
The vampire mosquito attacks as you move away!
The vampire mosquito bites you but does no damage.
The vampire mosquito completely misses you.
The vampire mosquito closely misses you.
You slash the vampire mosquito!
The vampire mosquito is almost destroyed.
The vampire mosquito bites you.
The vampire mosquito draws strength from your injuries!
You slice the vampire mosquito!!
You destroy the vampire mosquito!
The sentinel's mark upon you fades away.
You can now pass through a line of other dancers.
You start resting.
Fannar is nearby!
Fannar casts a spell at you. The bolt of cold hits you!!!
You die...

#...##.# #.# .......######.#####
..............[[..# ########
.......######.###e# #.......
....#...#####.# #.# #.#####.
#.........(...# #.# ##.#####.
#####...####### #.# #........
##.## ###.# #..##.... #.# #.@.#
#..##.##. #.# #.### #........
##'## #.# #........ ##...## #.#
#........ ##.....## #.##
#.###.### ##.......## #..###
#.##...##
##.........####....######.##....#
.+..)......+.....................
##.........####....######........


You could see Fannar.

Vanquished Creatures
  3 two-headed ogres
  Pikel (D:8)
  A lindwurm (shapeshifter) (D:7)
  A deep elf pyromancer (D:10)
  A manticore (D:11)
  2 cyclopes
  Maggie (D:6)
  A komodo dragon (D:7)
  A troll (D:11)
  A queen bee (D:9)
  A wraith (D:11)
  A wyvern (D:9)
  Eustachio (D:4)
  Menkaure (D:7)
  3 steam dragons
  8 vampire mosquitoes
  An acid dragon (D:11)
  4 water moccasins
  4 orc warriors
  3 ice beasts
  2 sky beasts
  3 black bears
  2 lemures (D:8)
  4 centaurs
  Blork the orc (D:4)
  7 bullfrogs
  2 scorpions
  14 wights
  23 killer bees (D:9)
  8 howler monkeys
  5 electric eels (D:7)
  2 hounds (D:7)
  7 orc priests
  A gnoll bouda (D:9)
  2 jellies
  2 sleepcaps (D:7)
  Jessica (D:2)
  Terence (D:2)
  3 iguanas
  7 orc wizards
  9 gnolls
  8 adders
  A shadow imp (D:7)
  3 white imps
  An ufetubus (D:7)
  2 worms
  2 dart slugs
  38 orcs
  9 bats
  9 endoplasms
  5 giant cockroaches
  4 goblins
  6 hobgoblins
  4 jackals (D:3)
  4 kobolds
  4 quokkas
  4 ball pythons
  6 frilled lizards
  5 rats
261 creatures vanquished.

Vanquished Creatures (others)
  An orc wizard (D:9)
  An orc (D:9)
  12 fungi (D:9)
  25 plants
39 creatures vanquished.

Grand Total: 300 creatures vanquished

Notes
Turn   | Place    | Note
-------+----------+-------------------------------------------
     0 | D:1      | Arcadio the Minotaur Fighter began the quest for the Orb.
     0 | D:1      | Reached XP level 1. HP: 19/19 MP: 0/0
   144 | D:1      | Reached XP level 2. HP: 27/27 MP: 1/1
   182 | D:1      | Found Mighij's Distillery.
   782 | D:1      | Bought a potion of heal wounds for 50 gold pieces
   845 | D:2      | Reached XP level 3. HP: 6/34 MP: 2/2
   956 | D:2      | Noticed Jessica
   960 | D:2      | Killed Jessica
   961 | D:2      | Reached XP level 4. HP: 35/41 MP: 3/3
  1226 | D:2      | Noticed Terence
  1231 | D:2      | Killed Terence
  1261 | D:2      | Found a white marble altar of Elyvilon.
  1267 | D:2      | Became a worshipper of Elyvilon the Healer
  1561 | D:2      | Reached skill level 5 in Fighting
  1561 | D:2      | Reached XP level 5. HP: 48/48 MP: 4/4
  1722 | D:2      | Reached skill level 5 in Armour
  1983 | D:1      | Bought a potion of might for 40 gold pieces
  1996 | D:3      | Reached * piety under Elyvilon
  2079 | D:3      | Identified the +0 helmet "Seguen" {rPois rCorr Dex+2}
  2375 | D:3      | Found a snail-covered altar of Cheibriados.
  2375 | D:3      | Found a hide-covered altar of Uskayaw.
  2380 | D:3      | Fell from the grace of Elyvilon
  2380 | D:3      | Became a worshipper of Uskayaw the Reveller
  2451 | D:4      | Noticed Eustachio
  2465 | D:4      | Reached * piety under Uskayaw
  2539 | D:4      | Killed Eustachio
  2539 | D:4      | Reached ** piety under Uskayaw
  2540 | D:4      | Reached skill level 5 in Axes
  2540 | D:4      | Reached XP level 6. HP: 49/57 MP: 5/5
  2745 | D:4      | Reached *** piety under Uskayaw
  3040 | D:4      | Noticed Blork the orc
  3043 | D:4      | Killed Blork the orc
  3044 | D:4      | Reached XP level 7. HP: 51/63 MP: 6/6
  3310 | D:5      | Entered Level 5 of the Dungeon
  3513 | D:5      | You fall into a shaft and drop 1 floor!
  3598 | D:6      | Found a burning altar of Makhleb.
  3635 | D:6      | Found a glowing silver altar of Zin.
  3635 | D:6      | Noticed an angel
  3637 | D:6      | Noticed a blizzard demon
  3823 | D:6      | Found a staircase to the Ecumenical Temple.
  3849 | Temple   | Entered the Ecumenical Temple
  4087 | D:6      | Noticed Maggie
  4464 | D:6      | Killed Maggie
  4465 | D:6      | Reached XP level 8. HP: 44/73 MP: 7/7
  4642 | D:7      | Found a sacrificial altar of Ru.
  4676 | D:7      | Identified the +8 war axe of Poafaoc {elec, Fragile rC-
                  | Str+8}
  4696 | D:7      | Noticed Menkaure
  4721 | D:7      | Killed Menkaure
  4723 | D:7      | Reached **** piety under Uskayaw
  4725 | D:7      | Reached ***** piety under Uskayaw
  4731 | D:7      | Reached ****** piety under Uskayaw
  4922 | D:7      | Noticed a komodo dragon
  5074 | D:7      | Noticed a wind drake
  5085 | D:7      | Reached XP level 9. HP: 77/82 MP: 8/8
  5166 | D:7      | Identified the ring "Wyacol" {Fly Int-3 Dex+5}
  5168 | D:7      | a jumping spider changed into a wind drake
  5168 | D:7      | Noticed a wind drake (shapeshifter)
  5173 | D:7      | a wind drake changed into a lindwurm
  5173 | D:7      | Noticed a lindwurm (shapeshifter)
  5176 | D:7      | Killed a lindwurm
  5363 | D:7      | Killed a komodo dragon
  5364 | D:7      | Reached skill level 10 in Fighting
  5364 | D:7      | Reached skill level 10 in Armour
  5951 | D:7      | Reached skill level 10 in Axes
  6395 | D:8      | Found a transporter.
  6401 | D:8      | Found a bloodstained altar of Trog.
  6401 | D:8      | Noticed Raspi's ghost (novice DsAr)
  6408 | D:8      | Found a transporter.
  6413 | D:8      | Noticed a moth of wrath
  6426 | D:8      | Noticed a two-headed ogre
  6480 | D:8      | Noticed a cyclops
  6486 | D:8      | Killed a cyclops
  6487 | D:8      | Reached XP level 10. HP: 79/94 MP: 9/9
  6728 | D:8      | Noticed Pikel
  6744 | D:8      | Killed Pikel
  7150 | D:9      | Identified the +6 mace of World Downfall {heavy, *Slow rF+
                  | Int+2}
  7409 | D:9      | Found a radiant altar of Vehumet.
  7616 | D:9      | Found a staircase to the Lair.
  7814 | D:9      | Noticed a two-headed ogre
  7821 | D:9      | Killed a two-headed ogre
  7948 | D:9      | Reached XP level 11. HP: 80/104 MP: 10/10
  8165 | D:10     | Entered Level 10 of the Dungeon
  8176 | D:10     | Noticed a two-headed ogre
  8181 | D:10     | Killed a two-headed ogre
  8192 | D:10     | Noticed a deep elf pyromancer
  8200 | D:10     | Killed a deep elf pyromancer
  8301 | D:10     | Found a glowing golden altar of the Shining One.
  8466 | D:10     | Noticed a two-headed ogre
  8470 | D:10     | Killed a two-headed ogre
  9006 | D:11     | Noticed Fannar
  9369 | D:11     | Noticed a boulder beetle
  9374 | D:11     | Noticed a two-headed ogre
  9435 | D:10     | Killed from afar by Fannar

Illustrated notes

Levels and vault maps discovered:
D:1:      dpeg_arrival_ternary, layout_basic, serial_shops, shop_statue
D:2:      layout_basic, basic_altar, uniq_terence, uniq_jessica
D:3:      layout_rooms, nicolae_overflow_two_pavilions
D:4:      layout_loops_ring, uniq_eustachio, uniq_blork_the_orc
D:5:      layout_basic, trog_ov_bears_minmay
D:6:      layout_rooms, grunt_temple_overflow_order_and_chaos_2,
          minmay_temple_entry_purple_smoke, uniq_maggie
D:7:      nzn_winding_woodlands_cross [nzn_winding_woodlands_5x15_jagged,
          nzn_winding_woodlands_5x15_eye, nzn_winding_woodlands_5x15_default,
          nzn_winding_woodlands_5x15_parted,
          nzn_winding_woodlands_15x15_eel_pit], layout_loops_ring,
          nicolae_ru_sacrificial_ziggurat, minmay_misc_feat_secret_circle,
          minmay_misc_feat_five, uniq_menkaure
D:8:      layout_rooms, serial_aquarium, aquarium_bridge_long_separate
          [aquarium_subvault_bridge, aquarium_subvault_window,
          aquarium_subvault_window, aquarium_subvault_window,
          aquarium_subvault_wall, aquarium_subvault_bridge],
          aquarium_bridge_square [aquarium_subvault_wall,
          aquarium_subvault_window, aquarium_subvault_bridge,
          aquarium_subvault_wall], aquarium_window_corridor_1,
          aquarium_window_fake, aquarium_view_2b, aquarium_pool_2,
          gammafunk_ghost_wrathful_warriors, uniq_pikel
D:9:      layout_roguey, vehumet_crystals, grunt_lair_entry_orc_guard_hut,
          special_room [special_room_bee]
D:10:     layout_loops_corners, tso_oasis_becter
D:11:     layout_rooms, hiddenorc1_lemuel, minmay_shop_grid_forest,
          chequers_serial_rivers_room_a, uniq_fannar
Temple:   nicolae_temple_great_sept

Skill      XL: |  1  2  3  4  5  6  7  8  9 10 11 |
---------------+----------------------------------+-----
Fighting       | 4 5 6 7 8 10 12 13 | 13.4
Axes           | 3 4 5 7 8 10 12 13 | 13.2
Armour         | 4 5 6 7 8 10 12 13 | 13.4
Shields        | |  3.6

Action                     |  1- 3 |  4- 6 |  7- 9 | 10-12 || total
---------------------------+-------+-------+-------+-------++-------
  Melee: War axe           |    38 |   133 |   145 |   188 ||   504
         Headbutt          |     5 |    15 |    31 |    29 ||    80
  Evoke: Wand              |       |       |       |     4 ||     4
         Lightning rod     |       |       |       |     5 ||     5
    Use: Scroll            |       |     3 |     3 |     5 ||    11
         Potion            |       |       |     3 |     3 ||     6
   Stab: Paralysed         |       |     1 |     2 |    14 ||    17
         Distracted        |       |       |     1 |       ||     1
 Armour: Scale mail        |    30 |    63 |     7 |       ||   100
         Plate armour      |       |       |    63 |    94 ||   157
  Dodge: Dodged            |    21 |    68 |    64 |   107 ||   260
  Block: Buckler           |     7 |    24 |    18 |    46 ||    95
